 Dungeon Crawl Stone Soup version 0.30.0-5-g1a98f26d00 (webtiles) character file.

Game seed: 17864343785624020507

2590 trckry the Green Death (level 9, -2/65 HPs)
             Began as a Demonspawn Wanderer on May 13, 2023.
             Was a High Priest of Fedhas.
             Killed from afar by Erica (26 damage)
             ... with a lance of force
             ... on level 8 of the Dungeon.
             The game lasted 00:22:46 (8851 turns).

trckry the Green Death (Demonspawn Wanderer)        Turns: 8851, Time: 00:22:46

Health: -2/65      AC:  8    Str: 13    XL:     9   Next: 33%
Magic:  14/14      EV: 13    Int: 17    God:    Fedhas [*****.]
Gold:   495        SH:  0    Dex: 13    Spells: 9/10 levels left

rFire   . . .        t - +2 whip (venom)
rCold   . . .        (no shield)
rNeg    . . .        c - +2 leather armour
rPois   .            (helmet restricted)
rElec   .            o - +2 cloak
rCorr   .            (no gloves)
SInv    .            (no boots)
Will    .....        (no amulet)
Stlth   +            (no ring)
HPRegen 0.30/turn    (no ring)
MPRegen 0.14/turn

%: no passive effects
@: no status effects
A: antennae 1, ignite blood 2, sturdy frame 1, demonic magic 1
a: Renounce Religion, Wall of Briars, Grow Ballistomycete, Overgrow, Grow Oklob


You were on level 8 of the Dungeon.
You worshipped Fedhas.
Fedhas was extremely pleased with you.
You visited 2 branches of the dungeon, and saw 9 of its levels.
You also visited: Ossuary.

You collected 495 gold pieces.

Inventory:

Hand Weapons
 a - a +1 dagger of venom
 n - a +2 quarterstaff of chaos
 t - a +2 whip of venom (weapon)
 B - the +6 sling "Fatutzapp" {speed, rC+ Int+4}
   (You found it on level 6 of the Dungeon)

   Int:       It affects your intelligence (+4).
   rC:        It protects you from cold.
 E - a +0 whip of electrocution
Missiles
 b - 16 poisoned darts (quivered)
Armour
 c - a +2 leather armour (worn)
 e - a +0 chain mail
 o - a +2 cloak (worn)
 I - a +0 ring mail of fire resistance
Jewellery
 g - a ring of fire
 m - a ring of positive energy
 x - a ring of ice
Wands
 p - a wand of iceblast (10)
 s - a wand of light (7)
Scrolls
 f - 4 scrolls of immolation {unknown}
 h - 5 scrolls of identify {unknown}
 j - a scroll of magic mapping {unknown}
 k - a scroll of enchant armour {unknown}
 l - a scroll of silence {unknown}
 q - 3 scrolls of fear {unknown}
 r - a scroll of amnesia {unknown}
 v - 5 scrolls of fog {unknown}
 y - a scroll of vulnerability {unknown}
 z - a scroll of teleportation {unknown}
 A - 2 scrolls of noise {unknown}
 J - a scroll of summoning {unknown}
Potions
 d - 9 potions of curing
 i - 3 potions of heal wounds {unknown}
 u - 2 potions of ambrosia {unknown}
 w - 2 potions of resistance {unknown}
 C - 4 potions of attraction {unknown}
 D - 3 potions of degeneration {unknown}
 F - 2 potions of berserk rage {unknown}
 G - 2 potions of flight {unknown}
 H - a potion of mutation {unknown}
 K - a potion of lignification {unknown}


   Skills:
 - Level 4.1 Fighting
 * Level 6.8 Maces & Flails
 - Level 1.7 Throwing
 - Level 4.2 Armour
 - Level 4.7 Dodging
 - Level 1.0 Spellcasting
 - Level 1.0 Hexes
 + Level 6.8 Invocations
 - Level 4.3 Evocations


You had 9 spell levels left.
You knew the following spells:

 Your Spells              Type           Power      Damage    Failure   Level
a - Slow                  Hex            16%        N/A       14%         1

Your spell library contained the following spells:

 Spells                   Type           Power      Damage    Failure   Level
 Summon Guardian Golem    Hex/Summ       2%         N/A       47%         3
 Gell's Gravitas          Tloc           0%         N/A       54%         3
 Teleport Other           Tloc           0%         N/A       54%         3
 Dispersal                Tloc           0%         N/A       100%        6


Dungeon Overview and Level Annotations

Branches:
Dungeon (8/15) Zot: 26931  Temple (1/1) D:4 Zot: 5956 Ossuary (visited)
   Lair: D:8-11

Altars:
Ashenzari
Cheibriados
Dithmenos
Fedhas
Gozag
Hepliaklqana
Kikubaaqudgha
Makhleb
Okawaru
Qazlal
Ru
Sif Muna
Trog
Uskayaw
Wu Jian
Xom
Yredelemnul

Shops:
D:2 :

Annotations:
D:8 Erica


Innate Abilities, Weirdness & Mutations

You have a pair of small antennae on your head.
Your demonic aura often causes spilled blood to erupt in flames.
Your movements are slightly less encumbered by armour. (ER -2)
Spells you cast may paralyse adjacent enemies.


Message History

a +0 club; a +0 leather armour; an orc corpse Done exploring.
Health restored: 65 Done exploring.
Done exploring.
Okay, then.
Setting a skill training target for Maces & Flails at 12.0.
Done exploring.
Things that are here:
a +0 club; a +0 leather armour; an orc corpse
Things that are here:
a +0 mace; a +2 robe of positive energy
There is a stone staircase leading down here.
You climb downwards.
Found 17 gold pieces.
There is a stone staircase leading up here.
You now have 495 gold pieces (gained 17).
You sense a monster nearby.
Erica the Fiery-Tempered comes into view.
She is wielding a +2 scimitar of flaming.
Erica shouts!
Erica gestures wildly while chanting.
Erica flickers and vanishes!
Deactivating autopickup; reactivate with Ctrl-A.
You closely miss something. You hit something.
You hear some strange, mumbled words.
A lance of force appears from out of thin air!
The lance of force misses you.
You miss something. Something hits you! Something burns you.
You take 15 damage, and have 50/65 hp.
MASSIVE DAMAGE!!
You closely miss something. Something hits you! Something burns you.
You take 9 damage, and have 41/65 hp.
Something hits you! Something burns you.
You take 17 damage, and have 24/65 hp.
MASSIVE DAMAGE!!
You miss something.
You hear some strange, mumbled words.
A lance of force appears from out of thin air!
The lance of force hits you!!
You die...
Fedhas appreciates your contribution to the ecosystem.

### #..
#######.#######
..@............
#######..###
#....{.....#
#{####...#.#
#@# #...# #
#.##........
#.##.#.#...###
#.##.........
#.##..#.#..###
#.##........
#.##.......##
#.##..#.##.###.
#..............


There were no monsters in sight!

Vanquished Creatures
  Sigmund (D:5)
  Menkaure (D:7)
  A water moccasin (D:6)
  2 ice beasts
  2 black bears (D:5)
  A centaur (D:7)
  A phantom (D:6)
  An elf zombie (Ossuary)
  2 bullfrogs (D:7)
  3 wights (D:6)
  2 centaur zombies (Ossuary)
  6 hounds
  3 jellies
  An orc priest (D:7)
  Crazy Yiuf (D:2)
  2 gnoll boudas (D:6)
  4 iguanas
  15 orc wizards
  Ijyb (D:3)
  2 mummies (Ossuary)
  15 gnolls
  10 adders
  3 shadow imps
  6 ufetubi
  A worm (D:3)
  2 dart slugs (D:4)
  10 orcs
  5 bats
  5 endoplasms
  7 giant cockroaches
  9 goblins
  4 hobgoblins
  2 jackals (D:5)
  3 quokkas
  11 ball pythons
  3 frilled lizards
  2 goblin zombies (Ossuary)
  11 hobgoblin zombies (Ossuary)
  4 jackal zombies (Ossuary)
  9 kobolds
  8 kobold zombies (Ossuary)
  9 orc zombies
  8 rats
  A rat zombie (Ossuary)
200 creatures vanquished.

Vanquished Creatures (others)
  A sleepcap (D:6)
1 creature vanquished.

Grand Total: 201 creatures vanquished

Notes
Turn   | Place    | Note
-------+----------+-------------------------------------------
     0 | D:1      | trckry the Demonspawn Wanderer began the quest for the Orb.
     0 | D:1      | trckry set off with the following items: a +0 dagger, 11
                  | poisoned darts, a +2 leather armour, a potion of curing;
                  | and the following spell memorised: Slow; and the following
                  | spells available to memorise: Summon Guardian Golem.
     0 | D:1      | Reached XP level 1. HP: 13/13 MP: 2/2
   177 | D:1      | Found a faded altar of an unknown god.
   185 | D:1      | Prayed at the altar of an unknown god.
   185 | D:1      | Became a worshipper of Fedhas Madash
   185 | D:1      | Reached * piety under Fedhas
   330 | D:1      | Gained mutation: Your demonic aura sometimes causes spilled
                  | blood to erupt in flames. [demonic ancestry]
   330 | D:1      | Reached XP level 2. HP: 18/20 MP: 3/3
   933 | D:2      | Reached skill level 1 in Fighting
  1149 | D:2      | Reached XP level 3. HP: 26/26 MP: 4/4
  1271 | D:2      | Reached ** piety under Fedhas
  1616 | D:2      | Found a runed translucent door.
  1617 | D:2      | Noticed Crazy Yiuf
  1645 | D:2      | Found Xuodap's Book Shop.
  1891 | D:2      | Killed Crazy Yiuf
  1892 | D:2      | Gained mutation: Spells you cast may paralyse adjacent
                  | enemies. [demonic ancestry]
  1892 | D:2      | Reached XP level 4. HP: 29/33 MP: 5/5
  2054 | D:3      | Noticed Ijyb
  2072 | D:3      | Killed Ijyb
  2227 | D:3      | Reached XP level 5. HP: 30/38 MP: 6/6
  2274 | D:3      | Found a broken altar of Ashenzari.
  2555 | D:3      | Identified the +3 quarterstaff of Agony {heavy, Fly Str-4
                  | Int+3}
  2958 | D:4      | Reached *** piety under Fedhas
  3099 | D:4      | Gained mutation: Your movements are slightly less
                  | encumbered by armour. (ER -2) [demonic ancestry]
  3099 | D:4      | Reached XP level 6. HP: 42/46 MP: 7/7
  3149 | D:4      | Found a staircase to the Ecumenical Temple.
  3162 | Temple   | Entered the Ecumenical Temple
  3667 | D:5      | Entered Level 5 of the Dungeon
  3905 | D:5      | Found an ornate altar of the Wu Jian Council.
  3991 | D:5      | Noticed Sigmund
  4006 | D:5      | Killed Sigmund
  4007 | D:5      | Gained mutation: You have a pair of small antennae on your
                  | head. [demonic ancestry]
  4007 | D:5      | Reached XP level 7. HP: 29/52 MP: 8/8
  4128 | D:5      | Found a hide-covered altar of Uskayaw.
  4522 | D:5      | Found a bloodstained altar of Trog.
  4577 | D:5      | Found a shadowy altar of Dithmenos.
  5080 | D:6      | Reached skill level 1 in Maces & Flails
  5080 | D:6      | Reached skill level 1 in Invocations
  5136 | D:6      | HP: 6/51 [something/puff of flame (5)]
  5141 | D:6      | HP: 4/52 [something (3)]
  5146 | D:6      | HP: 2/52 [something (2)]
  5480 | D:6      | Reached XP level 8. HP: 16/59 MP: 9/9
  5736 | D:6      | Identified the +6 sling "Fatutzapp" {speed, rC+ Int+4}
  5810 | D:6      | Reached **** piety under Fedhas
  6423 | D:6      | Found an ancient bone altar of Kikubaaqudgha.
  6871 | D:6      | Reached skill level 5 in Maces & Flails
  6871 | D:6      | Reached skill level 5 in Invocations
  7093 | D:7      | Found a sand-covered staircase.
  7108 | Ossuary  | Entered an ossuary
  7340 | Ossuary  | Reached ***** piety under Fedhas
  7355 | Ossuary  | Gained mutation: Your demonic aura often causes spilled
                  | blood to erupt in flames. [demonic ancestry]
  7355 | Ossuary  | Reached XP level 9. HP: 60/65 MP: 13/13
  7689 | D:7      | Identified the +4 rapier "Impslayer" {heavy, rElec Will+
                  | Dex+6}
  7712 | D:7      | Noticed Menkaure
  7721 | D:7      | HP: 9/65 [??? (6)]
  8375 | D:7      | Killed Menkaure
  8830 | D:8      | Noticed Erica
  8851 | D:8      | Killed from afar by Erica

Illustrated notes

Levels and vault maps discovered:
D:1:      minmay_arrival_pointy, layout_loops_ring,
          shapermc_ecumenical_altar_petra, minmay_bisected
D:2:      layout_loops_corners, serial_shops, nicolae_shop_real_fake_doors,
          dreamdust_mushroom_princess, uniq_crazy_yiuf_cottage
D:3:      layout_loops_corners, evilmike_ruin_ashenzari, uniq_ijyb
D:4:      layout_rooms, minmay_temple_entry_glass
D:5:      layout_loops_ring, mainiacjoe_overflow_paths, lemuel_round_altar,
          old_standard_altar, mainiacjoe_overflow_surrounded_room,
          trog_ov_bears_minmay, nrook_uturn, hangedman_decor_clover_reticule,
          uniq_sigmund
D:6:      minmay_flawed_box, layout_basic, kennysheep_mini, glass_columns_a
D:7:      layout_basic, enter_ossuary_3, uniq_menkaure
D:8:      layout_basic, serial_curves, eino_curves_04, eino_curves_02,
          uniq_erica
Temple:   nicolae_temple_ecumenical_triangle

Skill      XL: |  1  2  3  4  5  6  7  8  9 |
---------------+----------------------------+-----
Armour         | 2 3 4 |  4.2
Fighting       | 1 2 3 4 |  4.1
Dodging        | 3 4 |  4.7
Evocations     | 2 3 4 |  4.3
Maces & Flails | 2 5 6 |  6.8
Invocations    | 2 5 6 |  6.8
Throwing       | |  1.7
Spellcasting   | |  1.0
Hexes          | |  1.0

Action                     |  1- 3 |  4- 6 |  7- 9 || total
---------------------------+-------+-------+-------++-------
  Melee: Dagger            |   161 |   102 |    11 ||   274
         Whip              |       |    94 |   211 ||   305
         Punch             |       |     2 |     3 ||     5
         Quarterstaff      |       |       |    52 ||    52
   Fire: Sling             |       |       |   206 ||   206
 Invoke: Wall of Briars    |       |       |     1 ||     1
   Stab: Sleeping          |       |     1 |       ||     1
 Armour: Leather armour    |    52 |    68 |   136 ||   256
  Dodge: Dodged            |   105 |   116 |   224 ||   445
